 Dungeon Crawl Stone Soup version 0.18.1-48-g4cf74bf (console) character file.

65 Homage the Ducker (level 3, -4/31 HPs)
             Began as a Minotaur Fighter on July 18, 2016.
             Slain by a sky beast (5 damage)
             ... on level 3 of the Dungeon.
             The game lasted 00:05:04 (1317 turns).

Homage the Ducker (Minotaur Fighter)                Turns: 1317, Time: 00:05:09

Health: -4/31      AC:  6    Str: 25    XL:     3   Next: 92%
Magic:  2/2        EV:  9    Int:  5    God:
Gold:   37         SH: 10    Dex: 10    Spells: 0 memorised, 2 levels left

rFire  . . .     SeeInvis .     a - +1 war axe
rCold  . . .     Gourm    .     b - +0 scale mail
rNeg   . . .     Faith    .     c - +1 shield
rPois  .         Spirit   .     (helmet restricted)
rElec  .         Dismiss  .     (no cloak)
rCorr  .         Reflect  .     (no gloves)
SustAt .         Harm     .     (no boots)
MR     .....                    (no amulet)
Stlth  ..........               (no ring)
                                (no ring)

@: mighty, not resistant to hostile enchantments, extremely unstealthy
A: retaliatory headbutt, horns 2
a: no special abilities


You were on level 3 of the Dungeon.
You were not hungry.

You visited 1 branch of the dungeon, and saw 3 of its levels.

You collected 37 gold pieces.


Innate Abilities, Weirdness & Mutations

You reflexively headbutt those who attack you in melee.
You have a pair of horns on your head.


   Skills:
 - Level 3.6 Fighting
 - Level 2.4 Axes
 - Level 3.6 Armour
 + Level 4.0 Dodging
 - Level 3.6 Shields


You had 2 spell levels left.
You didn't know any spells.

Inventory:

Hand Weapons
 a - a +1 war axe (weapon)
Missiles
 j - a throwing net (quivered)
Armour
 b - a +0 scale mail (worn)
 c - a +1 shield (worn)
Scrolls
 e - 2 scrolls of remove curse
 k - a scroll of identify
 l - a scroll of enchant armour
Comestibles
 f - 2 bread rations
 g - 5 chunks of flesh
 h - a meat ration
 i - 2 beef jerkies


Message History

The sky beast shocks you.
* * * LOW HITPOINT WARNING * * *
Drink which item? (? for menu, Esc to quit)
You feel very mighty all of a sudden. The jackal barely misses you.
The sky beast hits you but does no damage.
The jackal barely misses you.
You closely miss the sky beast.
The sky beast is moderately wounded.
You hit the jackal.
The jackal is severely wounded.
You block the jackal's attack.
The sky beast hits you but does no damage.
The jackal bites you but does no damage.
The sky beast flickers out of sight!
Deactivating autopickup; reactivate with Ctrl-A.
Something hits you.
* * * LOW HITPOINT WARNING * * *
Something shocks you.
You die...

P... ......... ....
...........#..... 7P #......
....#..###+# 77PP#.....
...#....... ~~P......#
.......... . ~~P.##.#.#
#....... .. ~PP......# .
#....# ..# PP..#....#
#.##h%..# .. .
P~..#.<..##.#...@{..###.#..#
~P...............%.........#
P....#.#.##'#......>.......#
.....#+#......##.#..###.....
..............##.#..# ....
..............##.#..##.... .
........................#
........................#
.............)%.......).#


You could see a jackal.

Vanquished Creatures
  An adder (D:2)
  An ooze (D:1)
  2 worms (D:2)
  A dart slug (D:1)
  A giant gecko (D:3)
  2 giant cockroaches (D:1)
  7 goblins
  7 hobgoblins
  6 jackals (D:3)
  6 kobolds
  A bat (D:1)
  A giant newt (D:1)
  4 rats
40 creatures vanquished.

Notes
Turn   | Place    | Note
--------------------------------------------------------------
     0 | D:1      | Homage the Minotaur Fighter began the quest for the Orb.
     0 | D:1      | Reached XP level 1. HP: 19/19 MP: 0/0
    97 | D:1      | Reached skill level 1 in Dodging
   287 | D:1      | Reached XP level 2. HP: 26/26 MP: 1/1
   299 | D:1      | Reached skill level 2 in Dodging
   830 | D:2      | Reached XP level 3. HP: 31/31 MP: 2/2
   845 | D:2      | Reached skill level 3 in Dodging
   984 | D:2      | Found a shattered altar of Ashenzari.
  1191 | D:2      | Found a deep blue altar of Sif Muna.
  1306 | D:3      | Noticed a sky beast
  1314 | D:3      | Reached skill level 4 in Dodging
  1315 | D:3      | HP: 5/31 [sky beast (6)]
  1317 | D:3      | HP: 1/31 [something (4)]
  1317 | D:3      | Slain by a sky beast

Vault maps used:
D:1:      moated_graveyard_arrival, hex_medium, serial_bayou_crossing
D:2:      lemuel_blue_sif_altar, ashenzari_altar_1
D:3:      lemuel_round_altar, lemuel_doored_altar, first_bread,
          serial_bayou_lagoon_a

Action                   || total
-------------------------++-------
Melee: War axe           ||    66
       Headbutt          ||    11
  Use: Scroll            ||     9
       Potion            ||     3
  Eat: Chunk             ||     1
Armor: Scale mail        ||    21
Dodge: Dodged            ||    25
Block: Shield            ||    35
